 Dungeon Crawl Stone Soup version 0.31.0-1-g2c135a008e (webtiles) character file.

Game seed: 1878677014253921

135000 tadhg the Devastator (level 16, -5/76 HPs)
             Began as a Deep Elf Conjurer on Jan 19, 2024.
             Was the Champion of Vehumet.
             Slain by a wolf spider (15 damage)
             ... on level 4 of the Spider Nest on Jan 20, 2024.
             The game lasted 02:09:45 (36260 turns).

tadhg the Devastator (Deep Elf Conjurer)           Turns: 36260, Time: 02:09:45

Health: -5/76      AC:  9    Str:  2    XL:     16   Next: 63%
Magic:  30/38      EV: 19    Int: 49    God:    Vehumet [******]
Gold:   1978       SH:  0    Dex: 13    Spells: 1/47 levels left

rFire   + + +        q - staff of alchemy
rCold   . . .        (no shield)
rNeg    . . .        N - +2 robe of Matuimonu {Int+2 Archmagi}
rPois   +            y - +2 hat {Int+3}
rElec   +            J - +0 cloak
rCorr   .            v - +0 pair of gloves
SInv    .            E - +0 pair of boots
Will    +....        X - amulet "Weozen" {Acrobat Fly rElec rF+++ Str-2}
Stlth   ++           R - +6 ring of intelligence
HPRegen 0.32/turn    D - +6 ring of intelligence
MPRegen 0.26/turn

%: acrobat, archmagi
@: flying
A: no striking features
a: Renounce Religion


You were on level 4 of the Spider Nest.
You worshipped Vehumet.
Vehumet was exalted by your worship.
You visited 5 branches of the dungeon, and saw 27 of its levels.
You also visited: Ice Cave.

You collected 2294 gold pieces.
You spent 316 gold pieces at shops.

Inventory:

Hand Weapons
 j - a -2 demon whip of venom
 s - a +1 short sword of protection
 A - a +0 demon whip of venom
 B - the +6 short sword of the Enormous God {drain, rN++}
   (You found it on level 6 of the Dungeon)

   rN++:      It greatly protects you from negative energy.
Missiles
 I - a throwing net
Armour
 v - a +0 pair of gloves (worn)
 y - a +2 hat of intelligence (worn)
 C - an orb of mayhem
 E - a +0 pair of boots (worn)
 J - a +0 cloak (worn)
 K - a +2 hat
 L - the +0 robe "Ratoep" {Rampage rF+ rCorr Stlth+}
   (You took it off a kobold on level 8 of the Dungeon)

   rF+:       It protects you from fire.
   rCorr:     It protects you from acid and corrosion.
   Rampage:   It bestows one free step when moving towards enemies.
   Stlth+:    It makes you more stealthy.
 N - the +2 robe of Matuimonu (worn) {Int+2 Archmagi}
   (You found it on level 10 of the Dungeon)

   Int+2:     It affects your intelligence (+2).
   Archmagi:  It increases the power of your magical spells.
Magical Staves
 q - a staff of alchemy (weapon)
Jewellery
 a - a ring of protection from cold
 r - a ring of resist corrosion
 D - a +6 ring of intelligence (right hand)
 R - a +6 ring of intelligence (left hand)
 X - the amulet "Weozen" (around neck) {Acrobat Fly rElec rF+++ Str-2}
   (You found it on level 5 of the Lair of Beasts)

   [amulet of the acrobat]

   Acrobat:   It increases your evasion while moving and waiting.
   Str-2:     It affects your strength (-2).
   rF+++:     It renders you almost immune to fire.
   rElec:     It insulates you from electricity.
   Fly:       It grants you flight.
 Z - a ring of poison resistance
Wands
 m - a wand of quicksilver (5)
 F - a wand of roots (31)
 G - a wand of paralysis (12)
 H - a wand of polymorph (25)
 M - a wand of mindburst (4)
 P - a wand of flame (38)
 Q - a wand of digging (5)
Scrolls
 c - a scroll of amnesia
 e - 4 scrolls of fog
 f - 7 scrolls of teleportation
 g - 3 scrolls of fear
 h - 6 scrolls of identify
 k - 3 scrolls of poison
 o - 2 scrolls of revelation
 p - 3 scrolls of brand weapon
 w - 4 scrolls of blinking
 S - a scroll of vulnerability
 T - 3 scrolls of butterflies
 V - a scroll of enchant armour
Potions
 b - a potion of magic
 d - 2 potions of ambrosia
 i - 4 potions of invisibility
 l - a potion of enlightenment
 n - 9 potions of curing
 t - 2 potions of haste
 x - 2 potions of mutation
 z - a potion of heal wounds
 O - 2 potions of brilliance
 U - 2 potions of berserk rage
 W - 2 potions of experience
 Y - a potion of lignification {unknown}
Miscellaneous
 u - a sack of spiders


   Skills:
 - Level 15.8 Dodging
 - Level 2.4 Stealth
 - Level 16.4 Spellcasting
 + Level 17.5 Conjurations
 * Level 10.7 Fire Magic
 * Level 10.8 Air Magic
 - Level 13.5 Alchemy
 - Level 5.0 Evocations


You had one spell level left.
You knew the following spells:

 Your Spells              Type           Power      Damage    Failure   Level
a - Arcjolt               Conj/Air       66%        1d76      1%          5
c - Fulminant Prism       Conj/Alch      81%        3d33      0%          4
d - Olgreb's Toxic Radia  Alch           100%       N/A       0%          4
e - Alistair's Intoxicat  Alch           100%       N/A       1%          5
f - Orb of Destruction    Conj           72%        9d17      1%          7
g - Ignite Poison         Fire/Alch      100%       N/A       1%          4
h - Conjure Ball Lightni  Conj/Air       66%        3x3d25    1%          6
i - Fireball              Conj/Fire      66%        3d25      1%          5
j - Plasma Beam           Fire/Air       60%        2x1d76    1%          6

Your spell library contained the following spells:

 Spells                   Type           Power      Damage    Failure   Level
 Foxfire                  Conj/Fire      100%       2x1d9     0%          1
 Magic Dart               Conj           100%       1d8       0%          1
 Sting                    Conj/Alch      100%       1d9       0%          1
 Apportation              Tloc           100%       N/A       1%          1
 Freeze                   Ice            100%       1d10      1%          1
 Necrotise                Necr           100%       1d9       1%          1
 Sandblast                Erth           100%       2d20      1%          1
 Summon Small Mammal      Summ           100%       N/A       1%          1
 Mercury Vapours          Alch/Air       100%       N/A       0%          2
 Searing Ray              Conj           100%       2d8       0%          2
 Ensorcelled Hibernation  Hex/Ice        100%       N/A       1%          2
 Jinxbite                 Hex            100%       N/A       1%          2
 Frozen Ramparts          Ice            100%       1d16      1%          3
 Fugue of the Fallen      Necr           57%        N/A       1%          3
 Gell's Gravitas          Tloc           57%        N/A       1%          3
 Hailstorm                Conj/Ice       100%       3d16      1%          3
 Ozocubu's Armour         Ice            57%        N/A       1%          3
 Passwall                 Erth           57%        N/A       1%          3
 Stone Arrow              Conj/Erth      100%       3d13      1%          3
 Teleport Other           Tloc           57%        N/A       1%          3
 Brom's Barrelling Bould  Conj/Erth      100%       2d11      1%          4
 Iskenderun's Mystic Bla  Conj/Tloc      100%       2d19      1%          4
 Sticky Flame             Fire/Alch      100%       2d15      1%          4
 Silence                  Hex/Air        48%        N/A       1%          5
 Starburst                Conj/Fire      66%        6d17      1%          6
 Anguish                  Hex/Necr       28%        N/A       4%          4
 Animate Armour           Summ/Erth      100%       N/A       4%          4
 Animate Dead             Necr           57%        N/A       4%          4
 Cause Fear               Hex            28%        N/A       4%          4
 Manifold Assault         Tloc           57%        N/A       4%          4
 Passage of Golubria      Tloc           57%        N/A       4%          4
 Ignition                 Fire           60%        3d16      11%         8
 Borgnjor's Vile Clutch   Necr/Erth      28%        N/A       14%         5
 Lehudib's Crystal Spear  Conj/Erth      56%        10d13     22%         8
 Death Channel            Necr           28%        N/A       58%         6
 Dispersal                Tloc           28%        N/A       58%         6
 Enfeeble                 Hex            28%        N/A       99%         7
 Haunt                    Necr/Summ      28%        N/A       99%         7
 Disjunction              Tloc           28%        N/A       100%        8
 Infestation              Necr           28%        N/A       100%        8


Dungeon Overview and Level Annotations

Branches:
Dungeon (15/15)            Temple (1/1) D:5            Lair (5/5) D:10
 Shoals (0/4) Lair:3       Spider (4/4) Lair:3        Slime (0/5) Lair:5
    Orc (2/2) D:11            Elf (0/3) Orc:2        Vaults (0/5) D:14
  IceCv (visited)
 Depths: D:15

Altars:
Ashenzari
Cheibriados
Dithmenos
Elyvilon
Fedhas
Gozag
Hepliaklqana
Kikubaaqudgha
Makhleb
Nemelex Xobeh
Okawaru
Qazlal
Ru
Sif Muna
Trog
Uskayaw
Vehumet
Wu Jian
Xom
Yredelemnul
Zin
The Shining One

Shops:
D:2 :   D:3 [   D:8 :(??   D:12 (   D:13 [   Orc:2 (*(!=

Portals:
Pandemonium: Orc:2

Annotations:
D:6 exclusion: downstairs
D:8 1 transporter, Dwachs's ghost, novice TrHu
D:13 1 runed translucent door, 00Nightcrawler's ghost, journeyman VSSh
Spider:4 Aizul
Orc:1 exclusion: oklob plant


Message History

Casting: Arcjolt (safe; 1% risk of failure)
Confirm with . or Enter, or press ? or * to list all spells.
You feel a surge of power!
Electricity surges outward!
The redback is struck by an electric surge!!
You kill the redback!
Vehumet accepts your kill.
The redback is struck by an electric surge!!!
You kill the redback!
Vehumet accepts your kill.
You feel your power returning.
The culicivora is struck by an electric surge!
The culicivora is heavily wounded.
The radroach is struck by an electric surge!!!
You kill the radroach!
Vehumet accepts your kill.
You hear a faint skittering sound.
You hear a skittering sound. x2
The culicivora bites you.
The culicivora draws strength from your injuries!
Your life force feels restored.
Casting: Arcjolt (safe; 1% risk of failure)
Confirm with . or Enter, or press ? or * to list all spells.
You feel a surge of power!
Electricity surges outward!
The culicivora is struck by an electric surge!!
The culicivora is almost dead.
The wolf spider is struck by an electric surge!
The wolf spider is moderately wounded.
The wolf spider is struck by an electric surge!!!!
You kill the wolf spider!
Vehumet accepts your kill. The culicivora bites you!
* * * LOW HITPOINT WARNING * * *
The culicivora draws strength from your injuries!
The culicivora misses you. The wolf spider closely misses you.
The wolf spider bites you.
* * * LOW HITPOINT WARNING * * *
The culicivora bites you.
* * * LOW HITPOINT WARNING * * *
The culicivora draws strength from your injuries!
The wolf spider hits you!
You die...

.........
......... #
...(.#..#.## #
.......#?^#.#.
..#^....#..[#..
s......[....#
H..##.ss.†.^#
#.....@[..#
##...†s#s.#
##...s^ ^#
###<#.. # ##
#^. #.. ... ..s


You could see a broodmother, a jorogumo, 2 wolf spiders, an orb spider, a
culicivora, a tarantella and a redback.

Vanquished Creatures
  Arachne (Spider:2)
  4 emperor scorpions
  A ghost moth (Spider:3)
  A broodmother (Spider:1)
  A dire elephant (Lair:5)
  2 spark wasps
  An entropy weaver (Spider:2)
  A fire dragon (D:14)
  4 centaur warriors
  4 hydras
  2 ogre magi
  4 catoblepae
  2 jorogumos
  2 demonspawn (Orc:2)
  2 radroaches
  8 two-headed ogres
  7 boulder beetles
  A tengu warrior (D:13)
  9 death yaks
  3 orc high priests (Orc:2)
  3 demonic crawlers
  A death scarab (Spider:2)
  A deep troll shaman (Lair:5)
  3 skysharks
  Amaemon (D:9)
  5 pharaoh ants
  4 orb spiders
  Pikel (D:7)
  An arcanist (D:13)
  A lindwurm (Orc:1)
  5 steelbarb worms
  4 deep elf pyromancers
  12 wolf spiders
  6 orc knights
  10 ugly things
  9 orc sorcerers
  3 cyclopes
  Maurice (D:7)
  4 moths of wrath
  4 manticores
  22 elephants
  A rust devil (Orc:2)
  3 ice statues (IceCv)
  A black mamba (Lair:5)
  A kobold blastminer (Orc:1)
  7 meliai
  7 slime creatures
  7 cane toads
  2 torpor snails
  An orange demon (D:9)
  3 komodo dragons
  2 kobold demonologists (D:14)
  5 rime drakes
  2 ice devils (Orc:2)
  An unseen horror (D:10)
  Psyche (D:9)
  An efreet (D:14)
  A tengu conjurer (D:13)
  A red devil (Orc:2)
  5 trolls
  5 polar bears
  A wind drake (Lair:3)
  3 blink frogs (Lair:2)
  14 tarantellas
  18 dream sheep (Lair:5)
  A raiju (shapeshifter) (D:14)
  12 culicivoras
  11 jumping spiders
  A shadow (D:10)
  2 wyverns
  A dire elephant simulacrum (IceCv)
  A vampire (D:12)
  3 hogs (D:7)
  2 wraiths
  63 yaks
  2 basilisks
  5 steam dragons
  A human (D:7)
  47 redbacks
  6 vampire mosquitoes
  A chaos spawn (Orc:2)
  2 wargs
  2 harpy simulacra (IceCv)
  Edmund (D:4)
  An acid dragon (D:10)
  12 water moccasins
  A sky beast (D:6)
  33 orc warriors
  2 ice beasts
  3 black bears
  5 ogres
  6 laughing skulls
  13 wolves
  A phantom (D:5)
  4 centaurs
  A lemure (D:7)
  5 kobold brigands
  2 scorpions
  8 bullfrogs
  4 necrophages (Lair:4)
  A cane toad simulacrum (IceCv)
  5 wights (D:6)
  3 killer bees (D:9)
  An elephant simulacrum (IceCv)
  2 howler monkeys (D:9)
  8 electric eels
  3 bombardier beetles
  A hound (D:5)
  6 jellies
  A sleepcap (D:5)
  24 orc priests
  Jessica (D:3)
  7 iguanas
  19 orc wizards
  A polar bear simulacrum (IceCv)
  A wolf simulacrum (IceCv)
  8 adders
  3 gnolls (D:5)
  A white imp (D:7)
  6 ufetubi
  A ribbon worm (D:2)
  2 dart slugs (D:2)
  83 orcs
  5 ball pythons
  2 bats (D:2)
  9 endoplasms
  A giant cockroach (D:1)
  7 goblins
  9 hobgoblins
  4 jackals
  4 quokkas
  3 frilled lizards
  28 kobolds
  4 rats
  A butterfly (Lair:5)
  A fulminant prism (Spider:2)
785 creatures vanquished.

Vanquished Creatures (collateral kills)
  A ball lightning (Lair:4)
1 creature vanquished.

Vanquished Creatures (others)
  33 ball lightnings
  266 fulminant prisms
299 creatures vanquished.

Grand Total: 1085 creatures vanquished

Notes
Turn   | Place    | Note
-------+----------+-------------------------------------------
     0 | D:1      | tadhg the Deep Elf Conjurer began the quest for the Orb.
     0 | D:1      | Reached XP level 1. HP: 10/10 MP: 6/6
   455 | D:1      | Reached XP level 2. HP: 15/15 MP: 4/8
   496 | D:1      | Learned a level 2 spell: Searing Ray
  1046 | D:2      | Identified the +8 mace of Qustreli {venom, rPois SInv}
  1101 | D:2      | Reached skill level 5 in Conjurations
  1101 | D:2      | Reached XP level 3. HP: 19/19 MP: 8/10
  1576 | D:2      | Found Gyas's Book Shop.
  2152 | D:3      | Noticed Jessica
  2157 | D:3      | Killed Jessica
  2158 | D:3      | Reached skill level 1 in Alchemy
  2158 | D:3      | Reached XP level 4. HP: 18/24 MP: 5/12
  2209 | D:3      | Found Zuvuev's Antique Armour Shop.
  2663 | D:4      | Reached skill level 5 in Spellcasting
  2663 | D:4      | Reached XP level 5. HP: 28/28 MP: 9/14
  2804 | D:4      | Noticed an ogre
  2916 | D:4      | Noticed Edmund
  3033 | D:4      | Killed an ogre
  3034 | D:4      | Reached skill level 6 in Conjurations
  3034 | D:4      | Reached XP level 6. HP: 18/32 MP: 6/16
  4210 | D:5      | Entered Level 5 of the Dungeon
  4216 | D:5      | Reached XP level 7. HP: 29/36 MP: 11/18
  4440 | D:5      | Learned a level 4 spell: Fulminant Prism
  4475 | D:5      | Found a staircase to the Ecumenical Temple.
  4503 | Temple   | Entered the Ecumenical Temple
  4523 | Temple   | Became a worshipper of Vehumet
  4621 | D:5      | Reached skill level 7 in Conjurations
  5112 | D:5      | Reached skill level 5 in Alchemy
  5455 | D:4      | Killed Edmund
  5456 | D:4      | Reached XP level 8. HP: 41/41 MP: 9/21
  5550 | D:6      | Found a basalt altar of Yredelemnul.
  5640 | D:6      | Identified the +6 short sword of the Enormous God {drain,
                  | rN++}
  5909 | D:6      | Found a bloodstained altar of Trog.
  5909 | D:6      | Found a shadowy altar of Dithmenos.
  5925 | D:6      | Reached skill level 8 in Conjurations
  6022 | D:2      | Bought a Young Poisoner's Handbook for 200 gold pieces
  6027 | D:2      | Learned a level 4 spell: Olgreb's Toxic Radiance
  7158 | D:6      | Found a shimmering blue altar of Sif Muna.
  7208 | D:7      | Noticed Maurice
  7406 | D:7      | Reached * piety under Vehumet
  7406 | D:7      | Offered knowledge of Freeze by Vehumet.
  7407 | D:7      | Reached XP level 9. HP: 20/45 MP: 24/24
  7596 | D:7      | Noticed Pikel
  7601 | D:7      | Killed Pikel
  7602 | D:7      | Reached skill level 10 in Spellcasting
  7602 | D:7      | Reached skill level 9 in Conjurations
  8589 | D:7      | Reached skill level 5 in Dodging
  8833 | D:7      | Killed Maurice
  9172 | D:7      | Reached XP level 10. HP: 41/50 MP: 15/27
  9178 | D:7      | Reached skill level 10 in Conjurations
  9530 | D:8      | Found Anoxkal's Book Shop.
  9563 | D:8      | Found a transporter.
  9564 | D:8      | Noticed Dwachs's ghost (novice TrHu)
  9565 | D:8      | Identified the +11 great mace of Heech {protect, Will+}
  9565 | D:8      | Noticed a two-headed ogre
  9809 | D:8      | Found Heptots's Magic Scroll Shop.
  9818 | D:8      | Bought a scroll of identify for 26 gold pieces
  9928 | D:8      | Found Hipsiwem's Weapon Boutique.
 10036 | D:8      | Found a shimmering altar of Xom.
 10219 | D:8      | Found an ancient bone altar of Kikubaaqudgha.
 10220 | D:8      | Found a blossoming altar of Fedhas.
 10221 | D:8      | Found an iron altar of Okawaru.
 10232 | D:8      | Found a snail-covered altar of Cheibriados.
 10277 | D:8      | Reached ** piety under Vehumet
 10277 | D:8      | Offered knowledge of Scorch by Vehumet.
 10409 | D:8      | Identified the +0 robe "Ratoep" {Rampage rF+ rCorr Stlth+}
 10772 | D:8      | Found a transporter.
 10774 | D:8      | Found Saolitya's Magic Scroll Shoppe.
 10859 | D:8      | Found a transporter.
 11437 | D:8      | Bought a scroll of enchant armour for 90 gold pieces
 11468 | D:9      | Noticed a two-headed ogre
 11477 | D:9      | Killed a two-headed ogre
 11595 | D:9      | You fall into a shaft and drop 2 floors!
 11659 | D:10     | Entered Level 10 of the Dungeon
 11895 | D:9      | Identified the +6 dagger "Juupasu" {venom, *Rage +Blink
                  | rCorr}
 12077 | D:9      | Learned a level 3 spell: Stone Arrow
 12112 | D:9      | Offered knowledge of Momentum Strike by Vehumet.
 12242 | D:9      | Noticed Psyche
 12260 | D:9      | Killed Psyche
 12261 | D:9      | Reached skill level 11 in Conjurations
 12495 | D:9      | Noticed Amaemon
 12504 | D:9      | Killed Amaemon
 12505 | D:9      | Reached XP level 11. HP: 54/54 MP: 10/29
 12517 | D:9      | Reached *** piety under Vehumet
 12999 | D:10     | Reached skill level 10 in Alchemy
 13144 | D:10     | Offered knowledge of Inner Flame by Vehumet.
 13450 | D:10     | Learned a level 5 spell: Alistair's Intoxication
 13461 | D:10     | Identified the +2 robe of Matuimonu {Int+2 Archmagi}
 13492 | D:10     | Found a staircase to the Lair.
 13578 | D:10     | Found a sparkling altar of Nemelex Xobeh.
 13847 | D:11     | Noticed an orc knight
 13859 | D:11     | Killed an orc knight
 13864 | D:11     | Reached skill level 1 in Evocations
 13951 | D:11     | Reached **** piety under Vehumet
 14181 | D:11     | Offered knowledge of Hailstorm by Vehumet.
 14515 | D:11     | Found a staircase to the Orcish Mines.
 14823 | D:12     | Reached skill level 12 in Conjurations
 14878 | Orc:1    | Entered Level 1 of the Orcish Mines
 14996 | Orc:1    | Noticed an orc sorcerer
 15000 | Orc:1    | Killed an orc sorcerer
 15196 | Orc:1    | Noticed a two-headed ogre
 15206 | Orc:1    | Killed a two-headed ogre
 15328 | Orc:1    | Noticed an oklob plant
 15379 | Orc:1    | Reached XP level 12. HP: 54/59 MP: 24/31
 15513 | Orc:1    | Found a dark tunnel.
 15617 | Orc:2    | Entered Level 2 of the Orcish Mines
 15779 | Orc:2    | Noticed a two-headed ogre
 15780 | Orc:2    | Noticed an ogre mage
 15781 | Orc:2    | Killed a two-headed ogre
 15781 | Orc:2    | Killed an ogre mage
 15782 | Orc:2    | Reached skill level 10 in Dodging
 15782 | Orc:2    | Noticed a two-headed ogre
 15782 | Orc:2    | Noticed a two-headed ogre
 15786 | Orc:2    | Noticed a two-headed ogre
 15786 | Orc:2    | Noticed a two-headed ogre
 15983 | Orc:2    | Killed a two-headed ogre
 15987 | Orc:2    | Killed a two-headed ogre
 16004 | Orc:2    | Killed a two-headed ogre
 16097 | Orc:2    | Killed a two-headed ogre
 16306 | Orc:2    | Found a staircase to the Elven Halls.
 16587 | Orc:2    | Reached skill level 5 in Evocations
 16828 | Orc:2    | Found Kiunauwu's Weapon Shoppe.
 16906 | Orc:2    | Reached ***** piety under Vehumet
 16921 | Orc:2    | Found Waibeja's General Store.
 16926 | Orc:2    | Offered knowledge of Orb of Destruction by Vehumet.
 16939 | Orc:2    | Learned a level 7 spell: Orb of Destruction
 17006 | Orc:2    | Found Rometisk's Distillery.
 17132 | Orc:2    | Noticed an orc high priest
 17136 | Orc:2    | Killed an orc high priest
 17137 | Orc:2    | Reached skill level 13 in Conjurations
 17276 | Orc:2    | Reached skill level 15 in Spellcasting
 17291 | Orc:2    | Noticed an orc high priest
 17297 | Orc:2    | Killed an orc high priest
 17297 | Orc:2    | HP: 2/59 [spore (39)]
 17298 | Orc:2    | Reached XP level 13. HP: 3/63 MP: 8/34
 18044 | Orc:2    | Found Cuet's Antique Weapon Shoppe.
 18044 | Orc:2    | Found Dumnesonae's Jewellery Emporium.
 18045 | Orc:2    | Found a one-way gate leading to the halls of Pandemonium.
 18486 | Lair:1   | Entered Level 1 of the Lair of Beasts
 19774 | Lair:2   | Reached skill level 14 in Conjurations
 20743 | Lair:2   | Upgraded the game from 0.31.0 to 0.31.0-1-g2c135a008e
 21070 | Lair:3   | Found a hole to the Spider Nest.
 21595 | Lair:3   | Found a staircase to the Shoals.
 21764 | Lair:3   | Reached XP level 14. HP: 68/68 MP: 16/36
 22789 | Lair:3   | Learned a level 4 spell: Ignite Poison
 22798 | Lair:4   | Offered knowledge of Conjure Ball Lightning by Vehumet.
 22799 | Lair:4   | Reached skill level 1 in Fire Magic
 22806 | Lair:4   | Learned a level 6 spell: Conjure Ball Lightning
 22858 | Lair:4   | Reached skill level 15 in Conjurations
 23921 | Lair:5   | Entered Level 5 of the Lair of Beasts
 24088 | Lair:5   | Identified the amulet "Weozen" {Acrobat Fly rElec rF+++
                  | Str-2}
 24215 | Lair:5   | Reached skill level 1 in Air Magic
 24683 | Lair:5   | Reached skill level 5 in Fire Magic
 24789 | Lair:5   | Found a staircase to the Slime Pits.
 26355 | D:12     | Found Uhough's Firing Range.
 26531 | D:12     | Offered knowledge of Fireball by Vehumet.
 26532 | D:12     | Reached skill level 5 in Air Magic
 26538 | D:12     | Learned a level 5 spell: Fireball
 26817 | D:12     | Reached XP level 15. HP: 72/72 MP: 32/37
 27348 | D:13     | Reached skill level 15 in Dodging
 27672 | D:13     | Found Micvullo's Armour Shop.
 27673 | D:13     | Noticed 00Nightcrawler's ghost (journeyman VSSh)
 27688 | D:13     | Found a runed translucent door.
 27853 | D:13     | Found a frozen archway.
 27862 | IceCv    | Entered an ice cave
 27864 | IceCv    | Reached skill level 16 in Conjurations
 28316 | D:13     | Found a white marble altar of Elyvilon.
 30355 | D:14     | Found a gate to the Vaults.
 30513 | D:15     | Entered Level 15 of the Dungeon
 30583 | D:14     | Learned a level 6 spell: Plasma Beam
 30755 | Spider:1 | Entered Level 1 of the Spider Nest
 30933 | Spider:1 | Noticed an emperor scorpion
 30936 | Spider:1 | Killed an emperor scorpion
 31031 | Spider:1 | Reached ****** piety under Vehumet
 31208 | Spider:1 | Noticed an emperor scorpion
 31212 | Spider:1 | Killed an emperor scorpion
 31224 | Spider:1 | Offered knowledge of Lee's Rapid Deconstruction by Vehumet.
 31589 | Spider:1 | Noticed an emperor scorpion
 31594 | Spider:1 | Killed an emperor scorpion
 32563 | Spider:2 | Reached XP level 16. HP: 69/76 MP: 32/38
 32618 | Spider:2 | Noticed Arachne
 32623 | Spider:2 | Killed Arachne
 33214 | Spider:2 | Reached skill level 17 in Conjurations
 33522 | Spider:2 | Offered knowledge of Arcjolt by Vehumet.
 33697 | Spider:2 | Identified the +3 flail of Mastery {flame, rC+ rN++ Will+
                  | Int-5}
 33992 | Spider:2 | Learned a level 5 spell: Arcjolt
 34443 | Spider:3 | Reached skill level 10 in Air Magic
 34829 | Spider:3 | Reached skill level 10 in Fire Magic
 35910 | Spider:4 | Entered Level 4 of the Spider Nest
 36122 | Spider:4 | Identified the serpent talisman of Iprer {*Corrode +Blink
                  | Int+4 Stlth+}
 36122 | Spider:4 | Noticed Aizul
 36260 | Spider:4 | Slain by a wolf spider

Illustrated notes

Levels and vault maps discovered:
D:1:      wander_arrival_lonely_grave, layout_loops_ring
D:2:      layout_basic, serial_shops, shop, serial_park_tiny_pond
D:3:      layout_loops_ring, serial_shops, nicolae_shop_tiny_waterfront,
          uniq_jessica
D:4:      layout_basic, nicolae_half_adder, uniq_edmund
D:5:      layout_basic, minmay_temple_entry_statues, kennysheep_generic_room_6
D:6:      layout_layer_cave, nicolae_overflow_hidden_temple,
          mainiacjoe_overflow_big_doors, palyth_stone_intersect,
          kennysheep_boxes
D:7:      layout_cave_pods, grunt_livestock, chequers_big_river,
          kennysheep_cross_room, uniq_maurice, uniq_pikel
D:8:      layout_layer_cave, mainiacjoe_overflow_alcove_2,
          mainiacjoe_overflow_alcove_3, gammafunk_ghost_smash, serial_shops,
          nicolae_shop_crystal, shop, nicolae_shop_drivethru,
          nicolae_shop_bloodbath_and_beyond
D:9:      layout_long_grid, uniq_amaemon, uniq_psyche
D:10:     layout_basic, nemelex_spade_bored_becter, lair_entry_dummy
D:11:     cheibrodos_steamvent, layout_long_grid, david_orc_5, dk_vineyard_3
D:12:     layout_roguey, nicolae_shop_firing_range
D:13:     layout_big_octagon, portal_ice_cave_rime, serial_shops, shop,
          hellmonk_ghost_big_iron, kennysheep_doodads,
          nicolae_elyvilon_temple_path
D:14:     layout_long_grid, david_vaults_2, bh_walls_and_bars, special_room
          [special_room_orc], billiards_dpeg
D:15:     gammafunk_enter_depths_forms, layout_basic, minmay_misc_feat_tiny,
          serial_shops, shop
Temple:   nicolae_temple_hex_pool
Lair:1:   layout_gridlike, grunt_megastairs_3, lemuel_fruit_tree
Lair:2:   layout_gridlike, infiniplex_staircase_pool, grunt_megastairs_5
Lair:3:   layout_cave_pods, minmay_shoals_entry_beasts,
          spider_nest_entry_web_field, nicolae_quartered_pool_medium
Lair:4:   layout_hall_layers, roderic_carrion_pond, minmay_stone_trees_small
Lair:5:   grunt_lair_end_beastmaster, layout_gridlike,
          nicolae_slime_entry_slimehenge, lemuel_fruit_fields,
          infiniplex_staircase_pool_2
Spider:1: layout_spider_delve
Spider:2: layout_spider_delve, uniq_arachne
Spider:3: layout_chambers, nicolae_spider_bug_shape
Spider:4: johnstein_spider_rune_arachne_lair, hangedman_spider_mandibles,
          uniq_aizul
Orc:1:    layout_caves, nicolae_volcano_entry_vermiform, mines3_lemuel,
          uniq_nergalle
Orc:2:    pf_orc_diabolical, layout_caves, serial_shops, shop

Skill      XL: |  1  2  3  4  5  6  7  8  9 10 11 12 13 14 15 16 |
---------------+-------------------------------------------------+-----
Spellcasting   | 4 5 6 7 9 11 12 13 15 16 | 16.4
Conjurations   | 5 6 7 8 9 11 12 13 14 15 16 17 | 17.5
Alchemy        | 1 2 3 5 7 8 9 11 12 13 | 13.5
Dodging        | 5 7 9 11 13 14 15 | 15.8
Evocations     | 3 5 |  5.0
Fire Magic     | 5 8 10 | 10.7
Air Magic      | 5 9 10 | 10.8
Stealth        | |  2.4

Action                     |  1- 3 |  4- 6 |  7- 9 | 10-12 | 13-15 | 16-18 || total
---------------------------+-------+-------+-------+-------+-------+-------++-------
  Melee: Staff             |       |       |    12 |    19 |    30 |     7 ||    68
         Punch             |       |       |       |       |     1 |       ||     1
   Cast: Magic Dart        |    67 |    61 |    47 |    27 |       |       ||   202
         Searing Ray       |     5 |    19 |    17 |    12 |     3 |       ||    56
         Fulminant Prism   |       |       |    24 |    84 |   116 |    44 ||   268
         Olgreb's Toxic Ra |       |       |    28 |   111 |    52 |     5 ||   196
         Stone Arrow       |       |       |       |    45 |   126 |       ||   171
         Alistair's Intoxi |       |       |       |     4 |       |       ||     4
         Orb of Destructio |       |       |       |     1 |    77 |     1 ||    79
         Ignite Poison     |       |       |       |       |    30 |    12 ||    42
         Conjure Ball Ligh |       |       |       |       |    16 |       ||    16
         Fireball          |       |       |       |       |    65 |    10 ||    75
         Plasma Beam       |       |       |       |       |    33 |    45 ||    78
         Arcjolt           |       |       |       |       |       |     4 ||     4
    Use: Scroll            |       |     8 |     1 |     9 |    15 |     1 ||    34
         Potion            |       |       |       |       |     2 |     1 ||     3
 Armour: Robe              |       |     6 |    27 |    48 |   106 |    26 ||   213
  Dodge: Dodged            |     7 |    11 |    37 |    70 |   120 |    34 ||   279
